 Dungeon Sprint DCSS version 0.18-a0-1014-g3bbf375 (webtiles) character file.

780 pipel the Cleaver (level 7, -10/79 HPs)
             Began as a Deep Dwarf Berserker on Jan 6, 2016.
             Was an Elder of Trog.
             Mangled by a tentacle (25 damage)
             ... attached to a kraken
             ... in the Dungeon (Sprint II: "The Violet Keep of Menkaure").
             The game lasted 00:03:26 (273 turns).

pipel the Cleaver (Deep Dwarf Berserker)             Turns: 273, Time: 00:03:26

Health: -10/79     AC:  2    Str: 23    XL:     7   Next: 55%
Magic:  7/7        EV: 15    Int:  7    God:    Trog [****..]
Gold:   972        SH:  0    Dex: 12    Spells: 0 memorised, 6 levels left

rFire  . . .     SeeInvis .     a - +0 hand axe
rCold  . . .     Gourm    .     b - +0 animal skin
rNeg   . . .     Faith    .     (no shield)
rPois  .         Spirit   .     (no helmet)
rElec  .         Dismiss  .     (no cloak)
rCorr  .         Reflect  .     (no gloves)
SustAt .         Harm     .     (no boots)
MR     +++..     NoTele   +     (no amulet)
Stlth  +.........               (no ring)
                                (no ring)

@: exhausted, non-regenerating, slowed, very slow, extremely resistant to
hostile enchantments, very unstealthy
A: damage resistance, recharge devices, sense surroundings 1, slow regeneration
3
a: Device Recharging, Berserk, Trog's Hand, Brothers in Arms, Burn Spellbooks,
Renounce Religion


You were in the Dungeon.
You worshipped Trog.
Trog was greatly pleased with you.
You were hungry.

You visited 1 branch You collected 972 gold pieces.

Inventory:

Hand Weapons
 a - a +0 hand axe (weapon)
Armour
 b - a +0 animal skin (worn)
Wands
 c - a wand of heal wounds (4/9)
Scrolls
 j - a scroll of blinking
Potions
 e - a potion of curing
 g - a potion of haste
 h - 2 potions of magic
 i - a potion of berserk rage
Comestibles
 d - a bread ration
 k - 10 chunks of flesh


   Skills:
 + Level 10.0 Fighting
 + Level 11.7 Axes
 + Level 5.9 Armour
 + Level 6.6 Dodging


You had 6 spell levels left.
You didn't know any spells.

Dungeon Overview and Level Annotations

Branches:
Dungeon (1/1)

Altars:
Cheibriados
Dithmenos
Elyvilon
Fedhas
Gozag
Kikubaaqudgha
Makhleb
Nemelex Xobeh
Okawaru
Pakellas
Qazlal
Ru
Sif Muna
Trog
Vehumet
Xom
Yredelemnul
Zin
The Shining One
Beogh
Jiyva
Lugonu


Innate Abilities, Weirdness & Mutations

You are resistant to damage.
You can recharge devices by infusing magical energy.
You passively map a small area around you.
You do not regenerate naturally.


Message History

The tentacle closely misses you. The tentacle barely misses you.
You completely miss the tentacle. The tentacle misses you.
The tentacle slaps you!!
You take 15 damage, and have 37/79 hp.
Your unstable footing causes you to fumble your attack.
The tentacle slaps you! The tentacle barely misses you.
You take 3 damage, and have 34/79 hp.
You slash the tentacle!
The tentacle is lightly wounded.
The tentacle slaps you! The tentacle slaps you!!
* * * LOW HITPOINT WARNING * * *
You take 19 damage, and have 15/79 hp.
MASSIVE DAMAGE!!
Unknown command.
Evoke which item? (* to show all) (? for menu, Esc to quit)
Zapping:
c - a wand of heal wounds (5/9)
Press: ? - help, Shift-Dir - straight line, f - you You feel much better.
This wand has 4 charges left.
The tentacle slaps you!!
* * * LOW HITPOINT WARNING * * *
The tentacle slaps you!!
You die...

,,* * , * * ### +.###
[▓???!(=$!▓▓ , ..#, ...#
#▓[?![[$)?▓▓ * , ..##
#..# #▓$!(!!?[)▓▓ #..#
+..# #▓([(=$$([▓▓ , *, ≈
#..#, #..# ,#▓($%[[)[$▓▓
+..####..####▓[()$!$!(▓▓
,
#..†.###...##▓▓▓▓▓▓▓+▓▓▓▓
#......≈≈≈≈≈≈≈≈≈@w≈≈──wXw
,
≈≈.....≈#'########+###*≈≈
≈≈≈≈≈§.≈#_._.....#tt§ * ≈
* ,
≈≈§≈≈≈§≈#._._....#§§§§*
≈§§§§§≈≈#_._._...#§§§§§#
* *
≈≈≈§≈≈≈≈#._._._..#§§§≈≈§
≈≈§≈§§§≈#_._._._.#§§§§§§
*≈
≈≈≈###§≈#._._._..#§§§§≈ ,
#§§ #§§#.._._._.#≈≈ *


You could see a kraken, 2 tentacles and 2 crocodiles.

Vanquished Creatures
  A siren (D)
  2 hippogriffs (D)
  A crocodile (D)
  4 worker ants (D)
  3 worms (D)
  A tentacle (D)
12 creatures vanquished.

Vanquished Creatures (others)
  Menkaure (D)
  A crocodile (D)
  273 tentacle segments (D)
275 creatures vanquished.

Grand Total: 287 creatures vanquished

Notes
Turn   | Place    | Note
--------------------------------------------------------------
     0 | D        | pipel the Deep Dwarf Berserker began the quest for the Orb.
     0 | D        | Reached XP level 1. HP: 20/20 MP: 1/1
     7 | D        | Reached ** piety under Trog
     7 | D        | Reached skill level 4 in Axes
    11 | D        | Reached XP level 2. HP: 28/28 MP: 2/2
    24 | D        | Killed Menkaure
    42 | D        | Noticed a hippogriff
    42 | D        | Noticed a hippogriff
    50 | D        | Killed a hippogriff
    50 | D        | Reached skill level 6 in Fighting
    50 | D        | Reached skill level 7 in Axes
    50 | D        | Reached XP level 3. HP: 22/42 MP: 3/3
    50 | D        | Reached XP level 4. HP: 25/49 MP: 4/4
    55 | D        | Killed a hippogriff
    55 | D        | Reached skill level 9 in Axes
    55 | D        | Reached XP level 5. HP: 15/58 MP: 5/5
    89 | D        | Noticed a siren
    97 | D        | Killed a siren
    97 | D        | Reached *** piety under Trog
    97 | D        | Reached skill level 11 in Axes
    97 | D        | Reached skill level 5 in Armour
    97 | D        | Reached XP level 6. HP: 70/70 MP: 6/6
    97 | D        | Reached XP level 7. HP: 76/76 MP: 7/7
   153 | D        | Reached **** piety under Trog
   205 | D        | Reached skill level 10 in Fighting
   221 | D        | Found a basalt altar of Yredelemnul.
   221 | D        | Found a shimmering altar of Xom.
   221 | D        | Found a white marble altar of Elyvilon.
   222 | D        | Found an ancient bone altar of Kikubaaqudgha.
   222 | D        | Found a viscous altar of Jiyva.
   222 | D        | Found a corrupted altar of Lugonu.
   223 | D        | Found a sparkling altar of Nemelex Xobeh.
   223 | D        | Found a roughly hewn altar of Beogh.
   223 | D        | Found a sacrificial altar of Ru.
   223 | D        | Found a radiant altar of Vehumet.
   224 | D        | Found a glowing golden altar of the Shining One.
   224 | D        | Found a glowing silver altar of Zin.
   224 | D        | Found a stormy altar of Qazlal.
   225 | D        | Found a deep blue altar of Sif Muna.
   225 | D        | Found an oddly glowing altar of Pakellas.
   225 | D        | Found a bloodstained altar of Trog.
   226 | D        | Found a snail-covered altar of Cheibriados.
   226 | D        | Found a burning altar of Makhleb.
   227 | D        | Found a blossoming altar of Fedhas.
   229 | D        | Found a shadowy altar of Dithmenos.
   230 | D        | Found an iron altar of Okawaru.
   230 | D        | Found an opulent altar of Gozag.
   255 | D        | Noticed a kraken
   273 | D        | Mangled by a tentacle

Vault maps used:
D:        the_violet_keep_of_menkaure

Action                   |  1- 3 |  4- 6 |  7- 9 || total
-------------------------+-------+-------+-------++-------
Melee: Hand axe          |    14 |     9 |    31 ||    54
Invok: Berserk           |     2 |     1 |     3 ||     6
       Trog's Hand       |     1 |     1 |     2 ||     4
Evoke: Wand              |       |       |     1 ||     1
  Use: Potion            |       |     1 |       ||     1
  Eat: Chunk             |       |       |     4 ||     4
